 Dungeon Crawl Stone Soup version 0.25.1-2-g60ff931df9 (webtiles) character file.

Game seed: 571527824116961493

383 gruber the Charmwright (level 6, -6/51 HPs)
             Began as a Gnoll Skald on Dec 7, 2020.
             Mangled by an ogre
             ... wielding a +0 giant club
              (20 damage)
             ... on level 4 of the Dungeon.
             The game lasted 00:03:17 (2643 turns).

gruber the Charmwright (Gnoll Skald)                Turns: 2643, Time: 00:03:18

Health: -6/51      AC:  6    Str: 14    XL:     6   Next: 76%
Magic:  14/14      EV: 14    Int: 17    God:
Gold:   100        SH:  0    Dex: 14    Spells: 14/15 levels left

rFire    . . .     SeeInvis .   l - +1 hunting sling (freeze)
rCold    . . .     Gourm    .   (no shield)
rNeg     . . .     Faith    .   b - +0 leather armour
rPois    .         Spirit   .   (no helmet)
rElec    .         Reflect  .   e - +0 cloak
rCorr    .         Harm     .   (no gloves)
MR       .....                  j - +1 pair of boots
Stlth    ++........             i - amulet of regeneration
HPRegen  0.57/turn              (no ring)
MPRegen  0.14/turn              (no ring)

@: no status effects
A: distributed training, fangs 1, strong nose
a: no special abilities


You were on level 4 of the Dungeon.
You were not hungry.

You visited 1 branch of the dungeon, and saw 4 of its levels.

You collected 100 gold pieces.

Inventory:

Hand Weapons
 l - a +1 hunting sling of freezing (weapon)
 t - a +0 trident
Missiles
 m - 21 stones (quivered)
 q - 37 sling bullets
Armour
 b - a +0 leather armour (worn)
 e - a +0 cloak (worn)
 j - a +1 pair of boots (worn)
Jewellery
 i - an amulet of regeneration (around neck)
 r - an uncursed ring of positive energy {unknown}
Scrolls
 f - 3 scrolls of identify {unknown}
 g - 2 scrolls of remove curse {unknown}
 k - a scroll of teleportation {unknown}
 n - a scroll of blinking {unknown}
 o - 2 scrolls of fog {unknown}
 s - a scroll of random uselessness {unknown}
Potions
 c - a potion of haste {unknown}
 p - 2 potions of curing {unknown}
Comestibles
 a - a chunk of flesh
 d - 8 rations


   Skills:
 + Level 5.0 Fighting
 + Level 2.0 Short Blades
 + Level 2.0 Long Blades
 + Level 2.0 Axes
 + Level 2.0 Maces & Flails
 + Level 5.0 Polearms
 + Level 2.0 Staves
 + Level 2.0 Slings
 + Level 2.0 Bows
 + Level 2.0 Crossbows
 + Level 2.0 Throwing
 + Level 3.3 Armour
 + Level 5.0 Dodging
 + Level 2.0 Stealth
 + Level 2.0 Shields
 + Level 2.0 Unarmed Combat
 + Level 5.4 Spellcasting
 + Level 1.6 Conjurations
 + Level 1.6 Hexes
 + Level 5.7 Charms
 + Level 1.6 Summonings
 + Level 1.6 Necromancy
 + Level 1.6 Translocations
 + Level 1.6 Transmutations
 + Level 1.6 Fire Magic
 + Level 1.6 Ice Magic
 + Level 1.6 Air Magic
 + Level 1.6 Earth Magic
 + Level 1.6 Poison Magic
 + Level 2.2 Invocations
 + Level 2.0 Evocations


You had 14 spell levels left.
You knew the following spells:

 Your Spells              Type           Power        Failure   Level  Hunger
a - Infusion              Chrm           ###.         1%          1    None

Your spell library contained the following spells:

 Spells                   Type           Power        Failure   Level  Hunger
 Song of Slaying          Chrm           ###.....     2%          2    #......
 Shroud of Golubria       Chrm/Tloc      ###...       5%          2    #......
 Ozocubu's Armour         Chrm/Ice       ###.....     11%         3    ##.....
 Spectral Weapon          Hex/Chrm       ###.....     11%         3    ##.....


Dungeon Overview and Level Annotations

Branches:
Dungeon (4/15)
 Temple: D:4-7

Altars:
Qazlal
Vehumet
Xom
Zin


Innate Abilities, Weirdness & Mutations

Your experience applies equally to all skills.
You have very sharp teeth.
Your uncanny sense of smell can sniff out nearby items.


Message History

You shoot a stone. The stone closely misses the ogre.
The ogre hits you with a +0 giant club!!
* * * LOW HITPOINT WARNING * * *
You are too injured to fight recklessly!
You are too injured to fight recklessly!
Firing (i - inventory. (/) - cycle)
m - 23 stones (quivered)
Press: ? - help, Shift-Dir - straight line, f/p - ogre
Aim: an ogre, wielding a +0 giant club (almost dead)
You shoot a stone.
The stone hits the ogre but does no damage.
The ogre is almost dead.
The ogre closely misses you.
Firing (i - inventory. (/) - cycle)
m - 22 stones (quivered)
Press: ? - help, Shift-Dir - straight line, f/p - ogre
Aim: an ogre, wielding a +0 giant club (almost dead)
You shoot a stone.
The stone hits the ogre but does no damage.
The ogre is almost dead.
The ogre hits you with a +0 giant club!!
You die...

... #.#.. # #####... . .......
#.....# .# ##.....# #.....#
#.# #......# #
#.....###.####......#.#
+...........##......#.#.
#.......................
###(..(.O@....##......#
.....((........>..##......###.
...(..........##..............
.#####..####<..........#.#####
.#...#..# ##..............#
_#...#_.# #..............#
.#...#..# #.......###....#
.#####..# #.......####+###
#............#


You could see an ogre.

Vanquished Creatures
  A phantom (D:4)
  An orc priest (D:3)
  3 orc wizards
  A worker ant (D:4)
  A hound skeleton (D:4)
  A howler monkey skeleton (D:4)
  4 adders
  3 worms
  3 dart slugs
  5 leopard geckos
  12 orcs
  4 bats
  2 giant cockroaches
  5 goblins
  6 hobgoblins
  2 jackals (D:3)
  11 kobolds
  2 quokkas (D:2)
  A ball python (D:1)
  5 frilled lizards
  14 rats
  A plant (D:1)
88 creatures vanquished.

Notes
Turn   | Place    | Note
-------+----------+-------------------------------------------
     0 | D:1      | gruber the Gnoll Skald began the quest for the Orb.
     0 | D:1      | Reached XP level 1. HP: 20/20 MP: 6/6
   157 | D:1      | Reached XP level 2. HP: 26/26 MP: 2/7
   597 | D:1      | Reached XP level 3. HP: 31/31 MP: 9/9
   680 | D:1      | Reached skill level 5 in Spellcasting
  1232 | D:2      | Reached skill level 1 in Invocations
  1310 | D:2      | Reached skill level 1 in Short Blades
  1310 | D:2      | Reached skill level 1 in Long Blades
  1310 | D:2      | Reached skill level 1 in Axes
  1310 | D:2      | Reached skill level 1 in Maces & Flails
  1310 | D:2      | Reached skill level 1 in Staves
  1310 | D:2      | Reached skill level 1 in Slings
  1310 | D:2      | Reached skill level 1 in Bows
  1310 | D:2      | Reached skill level 1 in Crossbows
  1310 | D:2      | Reached skill level 1 in Throwing
  1310 | D:2      | Reached skill level 1 in Stealth
  1310 | D:2      | Reached skill level 1 in Shields
  1310 | D:2      | Reached skill level 1 in Unarmed Combat
  1310 | D:2      | Reached skill level 1 in Evocations
  1310 | D:2      | Reached XP level 4. HP: 38/38 MP: 11/11
  1324 | D:2      | Reached skill level 1 in Conjurations
  1324 | D:2      | Reached skill level 1 in Hexes
  1324 | D:2      | Reached skill level 1 in Summonings
  1324 | D:2      | Reached skill level 1 in Necromancy
  1324 | D:2      | Reached skill level 1 in Translocations
  1324 | D:2      | Reached skill level 1 in Transmutations
  1324 | D:2      | Reached skill level 1 in Fire Magic
  1324 | D:2      | Reached skill level 1 in Ice Magic
  1324 | D:2      | Reached skill level 1 in Air Magic
  1324 | D:2      | Reached skill level 1 in Earth Magic
  1324 | D:2      | Reached skill level 1 in Poison Magic
  1418 | D:2      | Reached XP level 5. HP: 43/43 MP: 12/12
  1532 | D:2      | Found a stormy altar of Qazlal.
  2037 | D:3      | Found a faded altar of an unknown god.
  2151 | D:3      | Reached XP level 6. HP: 20/50 MP: 13/13
  2289 | D:3      | Found a radiant altar of Vehumet.
  2506 | D:4      | Noticed a phantom
  2534 | D:4      | Killed a phantom
  2534 | D:4      | Reached skill level 5 in Fighting
  2534 | D:4      | Reached skill level 5 in Polearms
  2534 | D:4      | Reached skill level 5 in Dodging
  2613 | D:4      | Noticed an angel
  2614 | D:4      | Found a shimmering altar of Xom.
  2627 | D:4      | Found a glowing silver altar of Zin.
  2643 | D:4      | Mangled by an ogre

Illustrated notes

Levels and vault maps discovered:
D:1:      matt_arrival_grand_opening, layout_basic, serial_forest,
          infiniplex_forest_lined_1, infiniplex_forest_straight_3,
          infiniplex_forest_clump_medium, infiniplex_forest_lined_2,
          infiniplex_forest_lined_2, infiniplex_forest_lined_3,
          lexackson_kobold_supper
D:2:      layout_basic, lemuel_crystal_altar, first_ration
D:3:      layout_basic, marbit_many_paths,
          chequers_ecumenical_altar_simple_redux
D:4:      layout_basic, grunt_temple_overflow_order_and_chaos_1,
          gammafunk_ghost_stat_death

Skill      XL: |  1  2  3  4  5  6 |
---------------+-------------------+-----
Spellcasting   | 5 |  5.4
Invocations    | 1 2 |  2.2
Short Blades   | 1 2 |  2.0
Long Blades    | 1 2 |  2.0
Axes           | 1 2 |  2.0
Maces & Flails | 1 2 |  2.0
Staves         | 1 2 |  2.0
Slings         | 1 2 |  2.0
Bows           | 1 2 |  2.0
Crossbows      | 1 2 |  2.0
Throwing       | 1 2 |  2.0
Stealth        | 1 2 |  2.0
Shields        | 1 2 |  2.0
Unarmed Combat | 1 2 |  2.0
Evocations     | 1 2 |  2.0
Conjurations   | 1 |  1.6
Hexes          | 1 |  1.6
Summonings     | 1 |  1.6
Necromancy     | 1 |  1.6
Translocations | 1 |  1.6
Transmutations | 1 |  1.6
Fire Magic     | 1 |  1.6
Ice Magic      | 1 |  1.6
Air Magic      | 1 |  1.6
Earth Magic    | 1 |  1.6
Poison Magic   | 1 |  1.6
Armour         | 3 |  3.3
Fighting       | 5 |  5.0
Polearms       | 5 |  5.0
Dodging        | 5 |  5.0
Charms         | |  5.7

Action                   |  1- 3 |  4- 6 || total
-------------------------+-------+-------++-------
Melee: Spear             |    81 |     5 ||    86
       Bite              |     8 |     1 ||     9
 Fire: Hunting sling     |    47 |   181 ||   228
 Cast: Infusion          |     2 |     1 ||     3
 Stab: Sleeping          |     2 |       ||     2
  Eat: Chunk             |     1 |     4 ||     5
Armor: Leather armour    |    10 |    25 ||    35
Dodge: Dodged            |    44 |    44 ||    88
